 Dungeon Crawl Stone Soup version 0.22-a0-161-g198051c (webtiles) character file.

148 wolfsongas the Insei (level 5, 0/36 HPs)
             Began as an Octopode Transmuter on Feb 10, 2018.
             Was a Follower of Okawaru.
             Slain by a leopard gecko (4 damage)
             ... on level 3 of the Dungeon.
             The game lasted 00:04:57 (2959 turns).

wolfsongas the Insei (Octopode Transmuter)          Turns: 2959, Time: 00:04:57

Health: 0/36       AC:  1    Str: 11    XL:     5   Next: 30%
Magic:  8/8        EV: 13    Int: 20    God:    Okawaru [*.....]
Gold:   137        SH:  0    Dex: 14    Spells: 7/8 levels left

rFire    . . .     SeeInvis .     - Unarmed
rCold    + . .     Gourm    .   (no shield)
rNeg     . . .     Faith    .   (helmet restricted)
rPois    .         Spirit   .   (no amulet)
rElec    .         Reflect  .   f - +2 ring of dexterity
rCorr    .         Harm     .   q - ring of protection from cold
MR       .....                  (no ring)
Stlth    ++........             (no ring)
HPRegen  0.12/turn              (no ring)
MPRegen  0.11/turn              (no ring)
                                (no ring)
                                (no ring)

@: brilliant, appendage (expiring)
A: almost no armour, stealthy swim, amphibious, 8 rings, constrict 8, tentacle
spike 3, camouflage 1, gelatinous body 1
a: End Transformation, Heroism, Renounce Religion


You were on level 3 of the Dungeon.
You worshipped Okawaru.
Okawaru was aware of your devotion.
You were not hungry.
One of your tentacles had a temporary spike.
You visited 1 branch of the dungeon, and saw 3 of its levels.

You collected 137 gold pieces.

Inventory:

Missiles
 a - 37 arrows
Jewellery
 f - a +2 ring of dexterity (left tentacle)
 q - a ring of protection from cold (right tentacle)
Scrolls
 d - a scroll of remove curse
 g - a scroll of amnesia
 h - 2 scrolls of fog
 i - a scroll of random uselessness {unknown}
 k - a scroll of teleportation
 p - a scroll of identify
Potions
 j - 2 potions of curing
 m - a potion of haste {unknown}
Books
 b - a book of Changes

   Spells                             Type                      Level
   a - Beastly Appendage              Transmutation                1
   b - Sticks to Snakes               Transmutation                2
   c - Spider Form                    Transmutation/Poison         3
   d - Ice Form                       Ice/Transmutation            4
   e - Blade Hands                    Transmutation                5
Comestibles
 c - 5 rations
 l - 5 chunks of flesh


   Skills:
 + Level 2.8 Fighting
 - Level 2.0 Dodging
 * Level 5.0 Unarmed Combat
 - Level 2.0 Spellcasting
 - Level 2.0 Transmutations


You had 7 spell levels left.
You knew the following spells:

 Your Spells              Type           Power        Failure   Level  Hunger
a - Beastly Appendage     Tmut           ###...       1%          1    #......


Dungeon Overview and Level Annotations

Branches:
Dungeon (3/15)

Altars:
Cheibriados
Okawaru

Portals:
Sewer: D:3


Innate Abilities, Weirdness & Mutations

You cannot wear most types of armour.
You are very stealthy in the water. (Stealth+)
You are amphibious.
You can wear up to eight rings at the same time.
You can use your tentacles to constrict eight enemies at once.
Your skin changes colour to match your surroundings (Stealth+).
Your rubbery body absorbs attacks. (AC +1, EV +1)
One of your tentacles bears a large vicious spike.


Message History

You pierce the giant cockroach, but do no damage.
You kill the giant cockroach!
Okawaru accepts your kill.
The leopard gecko bites you but does no damage.
The leopard gecko bites you.
* * * LOW HITPOINT WARNING * * *
You tentacle-slap the leopard gecko. Your grab misses the leopard gecko.
The leopard gecko is heavily wounded.
Your transformation is almost over.
The leopard gecko bites you.
* * * LOW HITPOINT WARNING * * *
The leopard gecko bites you.
* * * LOW HITPOINT WARNING * * *
The giant cockroach bites you.
* * * LOW HITPOINT WARNING * * *
You are too injured to fight recklessly!
It was a potion of brilliance.
You feel clever all of a sudden. The leopard gecko barely misses you.
The leopard gecko bites you.
You die...

**** *,,,
*#######******,,,
##.≈≈≈≈≈≈≈≈≈,**,,,
#ll≈≈≈≈∩≈≈≈≈,,,,,,
#@s≈≈≈≈≈≈≈≈≈,,,,,,
#s###########,,,,,
#.###.......#**,,,
#....S......# *,,,
######.#.##.# *,,,
#.#,...# ****
#.###..###***
#........*,,,
#......#.*,,,


You could see 2 leopard geckos and 2 giant cockroaches.

Vanquished Creatures
  A scorpion (D:2)
  2 adders
  An ooze (D:1)
  3 worms (D:2)
  3 dart slugs
  3 leopard geckos
  8 bats
  2 giant cockroaches
  5 goblins
  6 hobgoblins
  8 jackals (D:1)
  11 kobolds
  A quokka (D:2)
  3 frilled lizards
  2 rats (D:1)
59 creatures vanquished.

Notes
Turn   | Place    | Note
-------+----------+-------------------------------------------
     0 | D:1      | wolfsongas the Octopode Transmuter began the quest for the Orb.
     0 | D:1      | Reached XP level 1. HP: 13/13 MP: 3/3
   220 | D:1      | Reached XP level 2. HP: 16/18 MP: 3/5
   941 | D:1      | Reached XP level 3. HP: 24/24 MP: 6/6
  1264 | D:1      | Reached skill level 4 in Unarmed Combat
  1674 | D:2      | Noticed a scorpion
  1682 | D:2      | Killed a scorpion
  1682 | D:2      | Reached XP level 4. HP: 6/30 MP: 5/7
  2274 | D:2      | Reached XP level 5. HP: 32/35 MP: 6/8
  2331 | D:2      | Found a faded altar of an unknown god.
  2333 | D:2      | Became a worshipper of Warmaster Okawaru
  2333 | D:2      | Reached * piety under Okawaru
  2664 | D:2      | Found a snail-covered altar of Cheibriados.
  2947 | D:3      | Found a glowing drain.
  2952 | D:3      | Reached skill level 5 in Unarmed Combat
  2959 | D:3      | Slain by a leopard gecko

Vault maps used:
D:1:      dpeg_arrival_rooms_a
D:2:      marbit_many_paths, chequers_ecumenical_altar_twisty
D:3:      portal_sewer_entry_f, minmay_hedge_maze, hex_medium, kennysheep_nub,
          kennysheep_pointless_box

Skill      XL: |  1  2  3  4  5 |
---------------+----------------+-----
Unarmed Combat | 4 5 |  5.0
Fighting       | 2 |  2.8
Dodging        | |  2.0
Spellcasting   | |  2.0
Transmutations | |  2.0

Action                   |  1- 3 |  4- 6 || total
-------------------------+-------+-------++-------
Melee: Unarmed           |    93 |    56 ||   149
       Constrict         |    27 |    15 ||    42
       Kick              |    11 |     4 ||    15
       Tentacles         |     8 |    11 ||    19
       Punch             |     5 |     1 ||     6
 Cast: Beastly Appendage |    16 |     6 ||    22
  Use: Scroll            |     3 |     4 ||     7
       Potion            |       |     5 ||     5
 Stab: Sleeping          |     8 |     4 ||    12
  Eat: Chunk             |     3 |       ||     3
       Ration            |       |     1 ||     1
Armor: Skin              |    12 |     3 ||    15
Dodge: Dodged            |    62 |    35 ||    97

Table legend:
 A = Spawn XP
 B = Non-spawn XP
 C = Spawn XP percentage of total XP
 D = Spawn monster count
 E = Non-spawn monster count
 F = Spawn count percentage of total count
 G = Total turns spent on level
                    A         B        C        D         E        F      G
               +---------+---------+-------+---------+---------+-------+---------
         Total |       0 |     212 |   0.0 |       0 |      59 |   0.0 |  2959
               +---------+---------+-------+---------+---------+-------+---------
           D:1 |       0 |      60 |   0.0 |       0 |      31 |   0.0 |  1363
           D:2 |       0 |     127 |   0.0 |       0 |      23 |   0.0 |  1411
           D:3 |       0 |      25 |   0.0 |       0 |       5 |   0.0 |   185
               +---------+---------+-------+---------+---------+-------+---------
